 Dungeon Crawl Stone Soup version 0.31-a0-229-g1fc7ce93e2 (webtiles) character file.

Game seed: 16955441012971489668

84 protoss039 the Digger (level 4, -7/33 HPs)
             Began as a Demonspawn Earth Elementalist on July 6, 2023.
             Killed by divine providence
             ... invoked by an orc priest
              (13 damage)
             ... on level 3 of the Dungeon.
             The game lasted 00:02:31 (2119 turns).

protoss039 the Digger (DsEE)                        Turns: 2119, Time: 00:02:32

Health: -7/33      AC:  7    Str: 14    XL:     4   Next: 24%
Magic:  1/8        EV: 11    Int: 18    God:
Gold:   213        SH:  0    Dex: 14    Spells: 2/8 levels left

rFire   + . .        q - +0 dagger
rCold   . . .        (no shield)
rNeg    . . .        i - +1 ring mail {rF+}
rPois   .            (no helmet)
rElec   .            (no cloak)
rCorr   +            (no gloves)
SInv    .            o - +0 pair of boots
Will    .....        (no amulet)
Stlth   +            k - ring of resist corrosion
HPRegen 0.25/turn    m - +6 ring of strength
MPRegen 0.11/turn

%: no passive effects
@: very slightly contaminated
A: claws 2, demonic magic 1
a: no special abilities


You were on level 3 of the Dungeon.
You visited 1 branch of the dungeon, and saw 3 of its levels.

You collected 213 gold pieces.

Inventory:

Hand Weapons
 f - a +0 sling
 q - a +0 dagger (weapon)
Missiles
 s - 2 curare-tipped darts
Armour
 i - a +1 ring mail of fire resistance (worn)
 o - a +0 pair of boots (worn)
Magical Staves
 p - a staff of conjuration
Jewellery
 k - a ring of resist corrosion (left claw)
 m - a +6 ring of strength (right claw)
Wands
 c - a wand of charming (13)
Scrolls
 a - a scroll of fear {unknown}
 g - a scroll of enchant weapon {unknown}
 h - a scroll of amnesia {unknown}
 l - 2 scrolls of identify {unknown}
 n - a scroll of teleportation {unknown}
 r - a scroll of blinking {unknown}
Potions
 b - a potion of magic
 d - a potion of lignification {unknown}
 e - a potion of brilliance {unknown}
 j - 2 potions of curing {unknown}
 t - a potion of haste {unknown}


   Skills:
 + Level 1.9 Fighting
 - Level 1.7 Dodging
 * Level 1.9 Stealth
 + Level 2.8 Spellcasting
 + Level 0.8 Conjurations
 - Level 0.8 Transmutations
 + Level 3.3 Earth Magic


You had 2 spell levels left.
You knew the following spells:

 Your Spells              Type           Power      Damage    Failure   Level
a - Sandblast             Erth           28%        2d8       9%          1
b - Passwall              Tmut/Erth      8%         N/A       22%         2
c - Stone Arrow           Conj/Erth      20%        3d8       41%         3

Your spell library contained the following spells:

 Spells                   Type           Power      Damage    Failure   Level
 Petrify                  Tmut/Erth      10%        N/A       82%         4


Dungeon Overview and Level Annotations

Branches:
Dungeon (3/15) Zot: 15836

Altars:
Gozag


Innate Abilities, Weirdness & Mutations

You have very sharp fingernails.
Spells you cast may paralyse adjacent enemies.


Message History

Press: ? - help, Shift-Dir - straight line, f/p - orc priest
Aim: an orc priest, wielding a +0 hand axe and wearing a +0 chain mail (moderately wounded, 87% to hit)
You miscast Sandblast.
You are very lightly contaminated with residual magic.
Nothing appears to happen.
The orc priest barely misses you.
Casting: Sandblast (safe; 9% risk of failure)
Confirm with . or Enter, or press ? or * to list all spells.
Aiming: Sandblast (safe; 9% risk of failure)
Press: ? - help, Shift-Dir - straight line, f/p - orc priest
Aim: an orc priest, wielding a +0 hand axe and wearing a +0 chain mail (moderately wounded, 87% to hit)
The blast of sand hits the orc priest but does no damage.
The orc priest is moderately wounded.
Malevolent energies surge around you.
Casting: Sandblast (safe; 9% risk of failure)
Confirm with . or Enter, or press ? or * to list all spells.
Aiming: Sandblast (safe; 9% risk of failure)
Press: ? - help, Shift-Dir - straight line, f/p - orc priest
Aim: an orc priest, wielding a +0 hand axe and wearing a +0 chain mail (moderately wounded, 87% to hit)
The blast of sand hits the orc.
The orc is heavily wounded.
Malevolent energies surge around you.
The orc suddenly stops moving!
Unknown command.
The helpless orc fails to defend itself.
You hit the orc.
You kill the orc!
Unknown command.
Casting: Sandblast (safe; 9% risk of failure)
Confirm with . or Enter, or press ? or * to list all spells.
Aiming: Sandblast (safe; 9% risk of failure)
Press: ? - help, Shift-Dir - straight line, f/p - orc priest
Aim: an orc priest, wielding a +0 hand axe and wearing a +0 chain mail (moderately wounded, 87% to hit)
The blast of sand hits the orc.
The orc is heavily wounded.
Malevolent energies surge around you.
The orc suddenly stops moving!
The helpless orc fails to defend itself.
You hit the orc.
You kill the orc!
The orc priest invokes the aid of Beogh against you.
Beogh smites you!
You die...

..................#..........#
...............#..#...##.....#
#####...####.#>.......##.....#
#...# #...>..#.....).####
#†..# ########.#######
##...########...#.#
#......#......##.##
#....#.#.####.####
#.#.##.#.####@#
#.#........##o####.#
#.#.........o........
#...........##.####.##
#...........>..#
#.##.##.....##.#
.........o...##.#
###.##........##.#
#.##........#


You could see 2 orc priests.

Vanquished Creatures
  3 adders
  A white imp (D:3)
  2 orcs (D:3)
  6 ball pythons
  3 bats
  An endoplasm (D:1)
  4 giant cockroaches
  6 goblins
  7 hobgoblins
  2 jackals (D:1)
  2 quokkas (D:1)
  2 frilled lizards (D:1)
  4 kobolds
  4 rats
47 creatures vanquished.

Notes
Turn   | Place    | Note
-------+----------+-------------------------------------------
     0 | D:1      | protoss039 the Demonspawn Earth Elementalist began the
                  | quest for the Orb.
     0 | D:1      | Reached XP level 1. HP: 13/13 MP: 3/3
   237 | D:1      | Gained mutation: You have sharp fingernails. [demonic
                  | ancestry]
   237 | D:1      | Reached XP level 2. HP: 20/20 MP: 1/5
   389 | D:1      | Reached skill level 1 in Fighting
   400 | D:1      | Reached skill level 3 in Earth Magic
   722 | D:1      | Gained mutation: You have very sharp fingernails. [demonic
                  | ancestry]
   722 | D:1      | Reached XP level 3. HP: 23/26 MP: 3/6
   793 | D:1      | Learned a level 2 spell: Passwall
   797 | D:1      | Learned a level 3 spell: Stone Arrow
  1750 | D:3      | Gained mutation: Spells you cast may paralyse adjacent
                  | enemies. [demonic ancestry]
  1750 | D:3      | Reached XP level 4. HP: 20/33 MP: 4/8
  1893 | D:3      | Found an opulent altar of Gozag.
  2119 | D:3      | Killed from afar by an orc priest

Illustrated notes

Levels and vault maps discovered:
D:1:      minmay_arrival_hallway, layout_rooms, bh_walls_and_bars
D:2:      layout_loops_ring, serial_aquarium, aquarium_bridge_square
          [aquarium_subvault_bridge, aquarium_subvault_wall,
          aquarium_subvault_bridge, aquarium_subvault_wall],
          aquarium_bridge_long_joined [aquarium_subvault_bridge,
          aquarium_subvault_bridge, aquarium_subvault_wall,
          aquarium_subvault_wall, aquarium_subvault_balcony,
          aquarium_subvault_bridge], aquarium_window_fake,
          aquarium_window_corridor_2, aquarium_view_2g, aquarium_balcony_3a,
          aquarium_pool_2
D:3:      layout_loops_cross, mainiacjoe_overflow_six_doors_small

Skill      XL: |  1  2 |
---------------+-------+-----
Fighting       | 1 |  1.9
Earth Magic    | 3 |  3.3
Dodging        | |  1.7
Stealth        | |  1.9
Spellcasting   | |  2.8
Conjurations   | |  0.8
Transmutations | |  0.8

Action                     |  1- 3 |  4- 6 || total
---------------------------+-------+-------++-------
  Melee: Mace              |     6 |       ||     6
         Staff             |     1 |       ||     1
         Punch             |     1 |       ||     1
         Dagger            |       |    10 ||    10
   Fire: Sling             |    49 |       ||    49
   Cast: Sandblast         |    32 |    11 ||    43
   Stab: Paralysed         |       |     4 ||     4
 Armour: Robe              |     2 |       ||     2
         Ring mail         |    10 |     5 ||    15
  Dodge: Dodged            |    25 |    12 ||    37

Table legend: (Time is in decaauts)
 A = Elapsed time spent in this place.
 B = Non-inter-level travel time spent in this place.
 C = Inter-level travel time spent in this place.
 D = Time resting spent in this place.
 E = Time spent auto-exploring this place.
 F = Levels seen in this place.
 G = Mean time per level.
                   A        B        C        D        E       F      G
               +--------+--------+--------+--------+--------+-----+--------+
         Total |   2162 |   1998 |    164 |     51 |   1637 |   3 |  720.7 |
       Dungeon |   2162 |   1998 |    164 |     51 |   1637 |   3 |  720.7 |
               +--------+--------+--------+--------+--------+-----+--------+

Top non-repeatable levels by time:
     D:2: 998 daAuts
     D:1: 821 daAuts
     D:3: 342 daAuts
